 Dungeon Crawl Stone Soup version 0.28.0-43-g3370ac3207 (webtiles) character file.

Game seed: 1336443857753430052

19452 pkoi the Frost Mage (level 12, -3/66 HPs)
             Began as a Deep Elf Ice Elementalist on Mar 18, 2022.
             Was a Priest of Sif Muna.
             Slain by a hell hound (8 damage)
             ... in a volcano.
             The game lasted 00:39:52 (21954 turns).

pkoi the Frost Mage (Deep Elf Ice Elementalist)    Turns: 21954, Time: 00:39:53

Health: -3/66      AC:  5    Str:  5    XL:     12   Next: 36%
Magic:  15/27      EV: 14    Int: 26    God:    Sif Muna [***...]
Gold:   676        SH:  0    Dex: 15    Spells: 7/29 levels left

rFire   + + .      SeeInvis .   q - staff of cold
rCold   . . .      Faith    .   (no shield)
rNeg    . . .      Spirit   .   a - +0 robe
rPois   .          Reflect  .   i - +1 helmet
rElec   .          Harm     .   (no cloak)
rCorr   .          Rampage  .   p - +0 pair of gloves
Will    +....                   (no boots)
Stlth   ++........              (no amulet)
HPRegen 0.21/turn               s - ring of protection from fire
MPRegen 0.20/turn               L - ring of fire

@: freezing walls
A: no striking features
a: Renounce Religion, Channel Magic, Forget Spell


You were in a volcano.
You worshipped Sif Muna.
Sif Muna was most pleased with you.
You visited 3 branches of the dungeon, and saw 12 of its levels.
You also visited: Volcano.

You collected 811 gold pieces.
You spent 135 gold pieces at shops.

Inventory:

Hand Weapons
 b - a +0 whip
 m - a +4 dagger of speed
 B - a +0 shortbow
Missiles
 o - 217 stones
 x - 4 throwing nets
 C - 124 arrows
Armour
 a - a +0 robe (worn)
 i - a +1 helmet (worn)
 p - a +0 pair of gloves (worn)
Magical Staves
 q - a staff of cold (weapon)
Jewellery
 e - a ring of ice
 f - a +4 ring of protection
 s - a ring of protection from fire (left hand)
 t - a +4 ring of evasion
 A - a ring of resist corrosion
 L - a ring of fire (right hand)
 O - a ring of poison resistance
Wands
 j - a wand of charming (8)
 n - a wand of flame (49)
 y - a wand of paralysis (4)
 z - a wand of iceblast (6)
 F - a wand of digging (8)
 G - a wand of polymorph (1)
Scrolls
 g - 2 scrolls of immolation
 u - a scroll of teleportation
 D - 2 scrolls of vulnerability
 E - a scroll of enchant armour
 H - a scroll of amnesia
 I - a scroll of fog
 J - 2 scrolls of blinking
 N - a scroll of identify
Potions
 c - 2 potions of haste
 d - 2 potions of brilliance
 h - 2 potions of magic
 k - a potion of invisibility
 l - 2 potions of curing
 v - a potion of might
 w - 3 potions of flight
 K - a potion of berserk rage
 M - 2 potions of mutation
 P - a potion of ambrosia


   Skills:
 - Level 4.0 Fighting
 - Level 6.0 Dodging
 - Level 2.4 Stealth
 * Level 9.0 Spellcasting
 * Level 6.5 Conjurations
 + Level 9.1 Necromancy
 * Level 5.1 Fire Magic
 + Level 11.6 Ice Magic
 + Level 9.8 Earth Magic
 + Level 7.2 Invocations
 - Level 1.6 Evocations


You had 7 spell levels left.
You knew the following spells:

 Your Spells              Type           Power      Damage    Failure   Level
a - Freeze                Ice            100%       1d11      1%          1
b - Frozen Ramparts       Ice            100%       1d12      1%          3
c - Ozocubu's Armour      Ice            83%        N/A       1%          3
d - Sandblast             Erth           100%       2d20      1%          1
e - Hailstorm             Conj/Ice       73%        3d15      1%          4
f - Borgnjor's Vile Clut  Necr/Erth      28%        N/A       2%          5
g - Fireball              Conj/Fire      29%        3d13      13%         5

Your spell library contained the following spells:

 Spells                   Type           Power      Damage    Failure   Level
 Foxfire                  Conj/Fire      100%       2x1d9     1%          1
 Corpse Rot               Necr/Air       70%        N/A       1%          2
 Ensorcelled Hibernation  Hex/Ice        100%       N/A       1%          2
 Passwall                 Tmut/Erth      30%        N/A       1%          2
 Conjure Flame            Conj/Fire      58%        6-21      1%          3
 Stone Arrow              Conj/Erth      100%       3d13      1%          3
 Vampiric Draining        Necr           56%        2d10      1%          3
 Dispel Undead            Necr           56%        3d20      1%          4
 Slow                     Hex            44%        N/A       4%          1
 Ice Form                 Ice/Tmut       58%        N/A       4%          4
 Simulacrum               Ice/Necr       39%        N/A       11%         6
 Freezing Cloud           Conj/Ice/Air   30%        6-21      12%         5
 Confusing Touch          Hex            11%        N/A       16%         3
 Death Channel            Necr           28%        N/A       19%         6
 Alistair's Intoxication  Tmut/Pois      7%         N/A       80%         5
 Summon Forest            Summ/Tloc      5%         N/A       80%         5
 Summon Mana Viper        Hex/Summ       11%        N/A       80%         5
 Eringya's Noxious Bog    Tmut/Pois      5%         N/A       100%        6
 Summon Cactus Giant      Summ           5%         N/A       100%        6
 Polar Vortex             Ice            41%        N/A       100%        9


Dungeon Overview and Level Annotations

Branches:
Dungeon (8/15)             Temple (1/1) D:5            Lair (3/6) D:8
 Shoals (0/4) Lair:2        Snake (0/4) Lair:2      Volcano (1/1)

Altars:
Cheibriados
Dithmenos
Fedhas
Gozag
Kikubaaqudgha
Makhleb
Nemelex Xobeh
Okawaru
Ru
Sif Muna
Trog
Uskayaw
Vehumet
Wu Jian
Xom
Yredelemnul
Zin
The Shining One
Beogh

Shops:
D:8 (?*

Annotations:
D:6 3 runed translucent doors, croobank's ghost, novice HOFi


Message History

The zombie hands constrict the centaur!
The zombie hands constrict the fire bat!
The zombie hands constrict the salamander.
The fire bat is frozen!
The wall freezes the fire bat.
You kill the fire bat!
Sif Muna accepts your kill.
The salamander is frozen!
The wall freezes the salamander.
The salamander closely misses you.
The centaur struggles to escape constriction.
The hell hound is frozen!
The wall freezes the hell hound.
The hell hound bites you!
* * * LOW HITPOINT WARNING * * *
The two-headed ogre struggles to escape constriction.
Unknown command.
Casting: Borgnjor's Vile Clutch (dangerous; 2% risk of failure)
Confirm with . or Enter, or press ? or * to list all spells.
Casting: Hailstorm (dangerous; 1% risk of failure)
Press: ? - help, Dir - look around, f - activate You feel a surge of power!
A cannonade of hail descends around you!
The hail pelts the salamander!
The salamander is frozen!
The salamander is moderately wounded.
The hail pelts the two-headed ogre!!
The two-headed ogre is severely wounded.
The zombie hands constrict the two-headed ogre.
The zombie hands constrict the centaur!
The zombie hands constrict the salamander.
The centaur struggles to escape constriction.
The hell hound is frozen!
The wall freezes the hell hound.
The hell hound breathes flames at you. The blast of flame misses you.
The salamander is frozen!
The wall freezes the salamander.
The salamander hits you from afar with a +0 trident!
* * * LOW HITPOINT WARNING * * *
You are engulfed in flames.
You resist.
* * * LOW HITPOINT WARNING * * *
The two-headed ogre struggles to escape constriction.
The centaur escapes!
The hell hound is frozen!
The wall freezes the hell hound.
The hell hound bites you!
You die...

○°≈☼○≈○.○°≈°≈≈≈.°≈§≈≈○
○°°○°°○○..°.°.°..#
##+##°.☼#####...####
##°##.. ##..##.##
#.#.). #..#.#∩# #.#!cO
#..#.#∩# ##○##.N
##..#'###
#...##h##....##
.......@....##
.≈≈.≈≈≈≈§..≈≈≈≈≈≈≈≈
.≈≈≈.≈≈≈.§≈≈≈≈≈≈≈≈≈
≈≈≈≈≈≈≈≈≈≈≈≈≈≈≈≈≈≈≈
≈≈≈≈≈≈≈≈≈≈≈≈≈≈≈≈≈≈≈
≈≈≈≈≈≈≈≈≈≈≈≈≈≈≈≈≈≈≈
≈≈≈≈≈≈≈≈≈≈≈≈≈≈≈≈≈≈≈
≈≈≈≈≈≈≈≈≈≈≈≈≈≈≈≈≈≈≈


You could see a salamander (clutched), a two-headed ogre (clutched), a hell
hound (catching breath) and a centaur.

Vanquished Creatures
  2 hydras
  Harold (Lair:2)
  Urug (Lair:1)
  A lindwurm (Lair:2)
  A deep elf zephyrmancer (D:8)
  6 black mambas
  A merfolk siren (Lair:2)
  7 cane toads
  3 komodo dragons
  A rime drake (Lair:3)
  7 blink frogs
  7 dream sheep (Lair:3)
  2 wyverns
  A fire bat (Volcano)
  14 yaks
  2 wargs (D:8)
  13 water moccasins
  An acid dragon (D:5)
  4 orc warriors
  2 ice beasts
  2 necrophages
  A sky beast (D:7)
  3 ogres (D:6)
  11 wolves (Lair:1)
  A centaur (D:6)
  2 phantoms
  6 bullfrogs
  A kobold brigand (D:7)
  A scorpion (Lair:1)
  2 wyvern zombies (D:8)
  5 wights
  3 centaur zombies (D:8)
  A human zombie (D:8)
  2 hounds
  A jelly (D:5)
  6 orc priests
  2 bullfrog skeletons
  2 gnoll shamans
  An iguana (D:5)
  9 orc wizards
  A scorpion zombie (D:5)
  Ijyb (D:3)
  Natasha (thrice) (D:2)
  3 killer bee zombies (D:8)
  A hound skeleton (D:5)
  12 gnolls
  3 howler monkey zombies
  9 adders
  2 white imps
  An adder skeleton (D:4)
  6 worms
  A dart slug (D:1)
  42 orcs
  10 ball pythons
  5 endoplasms
  A giant cockroach (D:3)
  9 hobgoblins
  4 jackals (D:4)
  4 quokkas
  5 bats
  7 frilled lizards (D:1)
  12 goblins
  12 kobolds
  4 rats
297 creatures vanquished.

Vanquished Creatures (others)
  22 fungi
  40 plants
62 creatures vanquished.

Grand Total: 359 creatures vanquished

Notes
Turn   | Place    | Note
-------+----------+-------------------------------------------
     0 | D:1      | pkoi the Deep Elf Ice Elementalist began the quest for the
                  | Orb.
     0 | D:1      | Reached XP level 1. HP: 10/10 MP: 6/6
   279 | D:1      | Reached XP level 2. HP: 11/15 MP: 0/8
   290 | D:1      | Reached skill level 5 in Ice Magic
  1100 | D:1      | Reached XP level 3. HP: 19/19 MP: 4/9
  1110 | D:1      | Learned a level 3 spell: Frozen Ramparts
  1114 | D:1      | Learned a level 3 spell: Ozocubu's Armour
  1614 | D:2      | Found a faded altar of an unknown god.
  1815 | D:2      | Noticed Natasha
  1824 | D:2      | Killed Natasha
  1825 | D:2      | Reached skill level 6 in Ice Magic
  1825 | D:2      | Reached XP level 4. HP: 17/24 MP: 2/10
  1853 | D:2      | Noticed Natasha
  2036 | D:2      | Killed Natasha
  2199 | D:2      | Noticed Natasha
  2225 | D:2      | Killed Natasha
  2226 | D:2      | Reached skill level 7 in Ice Magic
  2226 | D:2      | Reached XP level 5. HP: 16/28 MP: 4/11
  2990 | D:3      | Noticed Ijyb
  3004 | D:3      | Killed Ijyb
  3433 | D:3      | Found a radiant altar of Vehumet.
  4350 | D:3      | Noticed a necrophage
  4864 | D:4      | Reached skill level 8 in Ice Magic
  5295 | D:4      | Reached XP level 6. HP: 27/32 MP: 9/12
  5379 | D:4      | Learned a level 1 spell: Sandblast
  5803 | D:3      | Found a sacrificial altar of Ru.
  5869 | D:3      | Became a worshipper of Ru the Awakened
  5905 | D:4      | Found a glowing silver altar of Zin.
  5986 | D:4      | Reached skill level 1 in Evocations
  6570 | D:5      | Entered Level 5 of the Dungeon
  6576 | D:5      | Found a staircase to the Ecumenical Temple.
  6587 | Temple   | Entered the Ecumenical Temple
  6708 | Temple   | Fell from the grace of Ru
  6708 | Temple   | Became a worshipper of Sif Muna the Loreminder
  7182 | D:5      | Reached skill level 1 in Earth Magic
  7969 | D:5      | Noticed an ice beast
  8063 | D:5      | Noticed an acid dragon
  8077 | D:5      | Killed an acid dragon
  8078 | D:5      | Reached XP level 7. HP: 36/36 MP: 4/13
  8165 | D:5      | Found an iron altar of Okawaru.
  8187 | D:5      | Reached skill level 9 in Ice Magic
  8965 | D:6      | Found a runed translucent gate.
  8974 | D:6      | Learned a level 4 spell: Hailstorm
  8990 | D:6      | Found a runed translucent gate.
  8990 | D:6      | Found a runed translucent gate.
  8993 | D:6      | Noticed croobank's ghost (novice HOFi)
  8997 | D:6      | Identified the +3 chain mail of the Flute {rF+ rCorr Str-5
                  | Int+2 Dex+3}
  9279 | D:6      | Reached * piety under Sif Muna
  9280 | D:6      | Reached XP level 8. HP: 32/41 MP: 6/14
  9361 | D:6      | Reached skill level 10 in Ice Magic
  9361 | D:6      | Reached skill level 5 in Earth Magic
 10413 | D:6      | Found a bloodstained altar of Trog.
 10992 | D:6      | Reached skill level 1 in Fighting
 11654 | D:7      | Reached XP level 9. HP: 31/47 MP: 12/17
 11808 | D:7      | Reached skill level 11 in Ice Magic
 11954 | D:7      | Reached ** piety under Sif Muna
 12045 | D:7      | Identified a scroll of acquirement
 12081 | D:7      | Learned a level 5 spell: Borgnjor's Vile Clutch
 12280 | D:7      | Reached skill level 1 in Conjurations
 12358 | D:7      | Identified the +1 robe "Guishreist" {Harm Rampage}
 12589 | D:7      | Reached skill level 1 in Necromancy
 12589 | D:7      | Reached skill level 1 in Invocations
 12964 | D:8      | Reached skill level 5 in Spellcasting
 13182 | D:8      | Found a staircase to the Lair.
 13673 | D:8      | Found Juom's Weapon Shop.
 13714 | D:8      | Reached skill level 5 in Dodging
 13719 | D:8      | Found Gezeal's Magic Scroll Emporium.
 13727 | D:8      | Bought a scroll of fog for 20 gold pieces
 13727 | D:8      | Bought a scroll of blinking for 75 gold pieces
 13727 | D:8      | Bought a scroll of identify for 20 gold pieces
 13727 | D:8      | Bought a scroll of identify for 20 gold pieces
 13999 | D:8      | Found Toomim's Lightly-Used Armoury.
 14162 | D:8      | Noticed a deep elf zephyrmancer
 14169 | D:8      | Killed a deep elf zephyrmancer
 14170 | D:8      | Reached XP level 10. HP: 55/56 MP: 10/21
 14321 | D:8      | Found a shadowy altar of Dithmenos.
 15054 | D:8      | Found a basalt altar of Yredelemnul.
 15226 | Lair:1   | Entered Level 1 of the Lair of Beasts
 15405 | Lair:1   | Noticed a black mamba
 15411 | Lair:1   | Killed a black mamba
 15762 | Lair:1   | Noticed a cane toad
 15854 | Lair:1   | Reached *** piety under Sif Muna
 15858 | Lair:1   | Reached skill level 5 in Necromancy
 15868 | Lair:1   | Reached skill level 5 in Invocations
 15869 | Lair:1   | Killed a cane toad
 16093 | Lair:1   | Noticed a cane toad
 16098 | Lair:1   | Killed a cane toad
 16102 | Lair:1   | Reached XP level 11. HP: 40/61 MP: 14/22
 16780 | Lair:1   | Noticed Urug
 16830 | Lair:1   | HP: 3/61 [Urug/+4 demon trident (12)]
 16831 | Lair:1   | Killed Urug
 17319 | Lair:1   | Acquired the Tome of Igneous Cold
 17327 | Lair:1   | Learned a level 5 spell: Fireball
 17473 | Lair:1   | Reached skill level 1 in Fire Magic
 18512 | Lair:2   | Noticed Harold
 18565 | Lair:2   | Found a staircase to the Snake Pit.
 19076 | Lair:2   | Reached skill level 5 in Conjurations
 19077 | Lair:2   | Noticed a five-headed hydra
 19082 | Lair:2   | Found a staircase to the Shoals.
 19411 | Lair:2   | Noticed a lindwurm
 19419 | Lair:2   | Killed a lindwurm
 20096 | Lair:2   | Reached XP level 12. HP: 66/66 MP: 1/26
 20171 | Lair:2   | Killed a five-headed hydra
 20604 | Lair:2   | Killed Harold
 21615 | Lair:3   | Noticed an eight-headed hydra
 21624 | Lair:3   | Killed an eight-headed hydra
 21625 | Lair:3   | Reached skill level 5 in Fire Magic
 21816 | Lair:3   | Found a dark tunnel.
 21821 | Volcano  | Entered a volcano
 21951 | Volcano  | Noticed a two-headed ogre
 21954 | Volcano  | Slain by a hell hound

Illustrated notes

Levels and vault maps discovered:
D:1:      dpeg_chamrin_arrival_tetris, layout_loops_ring, minmay_lizard_king
D:2:      layout_rooms, basic_ecumenical_altar, nrook_mini_backslash,
          hangedman_glass_teeth, corexii_corridor_pit, uniq_natasha
D:3:      layout_basic, mainiacjoe_overflow_tiny_flanked,
          mainiacjoe_overflow_chevrons, small_statue_intersection,
          grunt_ministairs_11, uniq_ijyb
D:4:      layout_cave_pods, mainiacjoe_overflow_boulevard
D:5:      layout_cave_pools, mainiacjoe_overflow_concentric_impassable,
          minmay_temple_entry_glass
D:6:      layout_basic, mainiacjoe_overflow_cross_hatched,
          biasface_ghost_orc_armoury
D:7:      layout_gridville, chequers_serial_rivers_micro_b, solitary_fountain
D:8:      layout_basic, lemuel_mausoleum_altar_yredelemnul,
          grunt_dithmenos_shadows, erik_lair_orcish_takeover, enter_bailey_1,
          serial_shops, shop_coins, minmay_shop_damaged, nicolae_stop_n_shop_2,
          corexii_checkpoint_a, grunt_ministairs_5, guppyfry_early_elven_hall
Temple:   jpeg_temple_clearing
Lair:1:   layout_gridlike, uniq_urug
Lair:2:   layout_long_grid, minmay_shoals_entry_lonely_mermaid,
          minmay_snake_entry_six_corridors, chequers_serial_rivers_micro_e,
          nicolae_lair_lindhole, lemuel_fruit_tree, uniq_harold
Lair:3:   layout_cave_shapes, enter_volcano_4
Volcano:  volcano_village

Skill      XL: |  1  2  3  4  5  6  7  8  9 10 11 12 |
---------------+-------------------------------------+-----
Ice Magic      | 5 6 7 8 9 10 11 | 11.6
Evocations     | 1 |  1.6
Earth Magic    | 2 4 6 7 8 9 |  9.8
Fighting       | 1 3 4 |  4.0
Dodging        | 3 5 6 |  6.0
Spellcasting   | 4 6 8 9 |  9.0
Conjurations   | 3 5 6 |  6.5
Necromancy     | 3 7 8 9 |  9.1
Invocations    | 3 5 6 7 |  7.2
Fire Magic     | 3 5 |  5.1
Stealth        | |  2.4

Action                   |  1- 3 |  4- 6 |  7- 9 | 10-12 || total
-------------------------+-------+-------+-------+-------++-------
Melee: Whip              |    19 |    43 |       |       ||    62
       Punch             |     1 |       |     1 |       ||     2
       Staff             |       |    30 |    41 |    30 ||   101
       Dagger            |       |     1 |       |       ||     1
Throw: Stone             |       |     2 |     1 |     1 ||     4
 Cast: Freeze            |    47 |    78 |    28 |   108 ||   261
       Ozocubu's Armour  |     2 |     3 |     6 |     8 ||    19
       Frozen Ramparts   |     1 |    17 |    40 |    40 ||    98
       Sandblast         |       |     7 |    48 |    28 ||    83
       Hailstorm         |       |       |     2 |    15 ||    17
       Borgnjor's Vile C |       |       |       |     9 ||     9
Evoke: Wand              |       |     2 |     8 |     1 ||    11
  Use: Scroll            |     1 |     7 |     8 |     9 ||    25
       Potion            |       |     3 |     1 |     1 ||     5
 Stab: Sleeping          |       |     1 |       |       ||     1
Armor: Robe              |    11 |    53 |    16 |    40 ||   120
Dodge: Dodged            |    28 |    91 |    60 |   128 ||   307
